 Dungeon Crawl Stone Soup version 0.30-a0-458-g86641cc369 (webtiles) character file.

Game seed: 17545590178415841936

3470 BigDaddyOpFi the Spear-Bearer (level 9, -9/82 HPs)
             Began as a Pale Draconian Berserker on Dec 14, 2022.
             Was a High Priest of Trog.
             Mangled by an orc knight
             ... wielding a +0 war axe
              (16 damage)
             ... in a bailey.
             The game lasted 00:08:56 (5937 turns).

BigDaddyOpFi the Spear-Bearer (DrBe)                Turns: 5937, Time: 00:08:56

Health: -9/82      AC: 15    Str: 24    XL:     9   Next: 79%
Magic:  9/9        EV: 14    Int:  7    God:    Trog [*****.]
Gold:   341        SH:  0    Dex: 11    Spells: 8/8 levels left

rFire   + . .      SeeInvis +    b - +8 glaive of the Unseen Realm {elec, rF+}
rCold   . . .      Faith    .    (shield currently unavailable)
rNeg    . . .      Spirit   .    (body armour unavailable)
rPois   .          Reflect  .    (helmet restricted)
rElec   .          Harm     .    (no cloak)
rCorr   .          Rampage  .    y - +2 pair of gloves
Will    .....                    a - +0 pair of boots
Stlth   +.........               (no amulet)
HPRegen 0.33/turn                k - +4 ring of protection
MPRegen 0.11/turn                D - ring of see invisible

@: no status effects
A: breathe steam, AC +7, unfitting armour, cold-blooded, steam resistance
a: Breathe Steam, Renounce Religion, Berserk, Trog's Hand, Brothers in Arms


You were in a bailey.
You worshipped Trog.
Trog was extremely pleased with you.
You visited 1 branch of the dungeon, and saw 7 of its levels.
You also visited: Sewer and Bailey.

You collected 341 gold pieces.

Inventory:

Hand Weapons
 b - the +8 glaive of the Unseen Realm (weapon) {elec, rF+}
   (You acquired it in a sewer)

   It occasionally discharges a powerful burst of electricity upon striking a
   foe.
   rF:        It protects you from fire.
 c - a +1 hand axe of electrocution
Missiles
 d - 2 javelins
 s - a throwing net
Armour
 a - a +0 pair of boots (worn)
 y - a +2 pair of gloves (worn)
Jewellery
 k - a +4 ring of protection (left hand)
 D - a ring of see invisible (right hand)
Wands
 z - a wand of charming (7) (quivered)
 C - a wand of digging (2)
Scrolls
 h - 3 scrolls of poison
 n - 6 scrolls of teleportation
 r - a scroll of noise
 t - 2 scrolls of identify
 A - a scroll of enchant armour
 B - a scroll of silence {unknown}
Potions
 e - 2 potions of heal wounds {unknown}
 g - a potion of degeneration {unknown}
 i - 2 potions of flight {unknown}
 j - a potion of lignification {unknown}
 l - a potion of might {unknown}
 m - 2 potions of invisibility {unknown}
 o - a potion of resistance {unknown}
 p - a potion of haste
 u - 2 potions of attraction {unknown}
 v - a potion of ambrosia {unknown}
 w - a potion of mutation {unknown}


   Skills:
 + Level 8.6 Fighting
 - Level 4.5(7.3) Axes
 * Level 9.0(9.4) Polearms
 + Level 7.1 Dodging


You had 8 spell levels left.
You didn't know any spells.
Your spell library was empty.

Dungeon Overview and Level Annotations

Branches:
Dungeon (7/15)             Temple (0/1) D:5           Sewer (visited)
 Bailey (1/1)

Altars:
Dithmenos
Gozag
Kikubaaqudgha
Makhleb
Nemelex Xobeh
Trog
Xom

Shops:
D:6 *


Innate Abilities, Weirdness & Mutations

You can breathe blasts of scalding, opaque steam.
Your pale cyan-grey scales are hard. (AC +7)
You cannot fit into any form of body armour.
You are cold-blooded and may be slowed by cold attacks.
You are immune to the effects of steam.


Message History

Aiming: Charm
Press: ? - help, Q - select action, (/) - cycle Shift-Dir - straight line, f - orc warrior
Aim: an orc warrior, wielding a +0 war axe and wearing a +0 chain mail (strong, chance to affect: 49%)
The orc warrior is charmed.
Aiming: Charm
Press: ? - help, Q - select action, (/) - cycle Shift-Dir - straight line, f - you, p - orc warrior
Okay, then.
You feel better.
You feel better.
You feel better. What are your orders? t - Shout!
Orders for allies: a - Attack new target. p - Attack previous target. r - Retreat! s - Stop attacking. g - Guard the area. f - Follow me.
Anything else - Cancel.
Gang up on whom?
Press: ? - help, Dir - move target, f - orc knight, p - orc warrior
Aim: an orc knight, wielding a +0 war axe and wearing a +0 ring mail (heavily wounded) Attack!
Your orc warrior hits the orc knight with a +0 war axe!
The orc knight hits your orc warrior with a +0 war axe!!
Your orc warrior closely misses the orc knight.
The orc knight misses your orc warrior.
Your orc warrior closely misses the orc knight.
The orc knight hits your orc warrior with a +0 war axe!
Your orc warrior dies!
The orc knight hits you with a +0 war axe!
* * * LOW HITPOINT WARNING * * *
There is an open door, spattered with blood here.
Things that are here:
a +0 war axe; a +0 chain mail You slash the orc knight!
The orc knight is almost dead.
The orc knight hits you with a +0 war axe!
* * * LOW HITPOINT WARNING * * *
You hit the orc knight.
The orc knight is almost dead.
The orc knight hits you with a +0 war axe!
You die...

#....#)).#
..#
#....#)).#
..#
#+#'##+###
.8# #..# ..#
#..# .8# #..#
..# #..# #)o#
##@# #..#
#.8# #..#
#.8####
#.....#######
#.8...#.....#
#.....#.....#
####..#..⌠..#


You could see an orc knight.

Vanquished Creatures
  Pikel (D:4)
  A yak (D:7)
  A steam dragon (D:7)
  2 water moccasins
  4 orc warriors
  2 sky beasts
  Pargi (Sewer)
  A black bear (D:6)
  2 ogres (D:5)
  A centaur (D:5)
  3 lemures (D:4)
  2 phantoms
  A bullfrog (D:7)
  A kobold brigand (D:6)
  2 necrophages (D:6)
  A gnoll sergeant (D:5)
  6 scorpions
  A howler monkey (D:6)
  2 jellies
  3 orc priests
  4 hounds
  Terence (D:2)
  An iguana (D:4)
  An orc wizard (D:6)
  11 gnolls
  12 adders
  3 worms
  5 dart slugs
  12 orcs
  7 bats
  9 endoplasms
  2 giant cockroaches
  6 goblins
  11 hobgoblins
  4 jackals (D:2)
  10 kobolds
  A quokka (D:1)
  8 ball pythons
  A frilled lizard (D:1)
  6 rats
153 creatures vanquished.

Vanquished Creatures (others)
  An orc warrior (Bailey)
  An orc (D:4)
  2 ball pythons (D:4)
  A goblin (D:4)
  A plant (D:1)
6 creatures vanquished.

Grand Total: 159 creatures vanquished

Notes
Turn   | Place    | Note
-------+----------+-------------------------------------------
     0 | D:1      | BigDaddyOpFi the Draconian Berserker began the quest for
                  | the Orb.
     0 | D:1      | Reached XP level 1. HP: 19/19 MP: 1/1
   182 | D:1      | Reached XP level 2. HP: 26/26 MP: 2/2
   242 | D:1      | Found a faded altar of an unknown god.
   494 | D:1      | Reached ** piety under Trog
   697 | D:1      | Reached XP level 3. HP: 33/33 MP: 3/3
  1048 | D:2      | Noticed Terence
  1057 | D:2      | Killed Terence
  1058 | D:2      | Reached XP level 4. HP: 39/40 MP: 4/4
  1436 | D:3      | Found a glowing drain.
  1484 | Sewer    | Entered a sewer
  1698 | Sewer    | Reached XP level 5. HP: 30/47 MP: 5/5
  1813 | Sewer    | Noticed Pargi
  1819 | Sewer    | Killed Pargi
  1837 | Sewer    | Identified a scroll of acquirement
  1838 | Sewer    | Acquired the +8 glaive of the Unseen Realm {elec, rF+}
  1952 | D:3      | Identified the +1 helmet "Ujeg" {rElec rN+}
  2092 | D:3      | Reached skill level 5 in Fighting
  2108 | D:3      | Reached *** piety under Trog
  2113 | D:3      | Reached skill level 1 in Polearms
  2113 | D:3      | Reached XP level 6. HP: 51/56 MP: 6/6
  2285 | D:3      | Found a bloodstained altar of Trog.
  2483 | D:3      | Found a shadowy altar of Dithmenos.
  2720 | D:4      | Reached skill level 2 in Polearms
  2827 | D:4      | Noticed a sky beast
  2837 | D:4      | Killed a sky beast
  2838 | D:4      | Reached skill level 3 in Polearms
  2838 | D:4      | Your scales start taking on a pale cyan-grey colour.
  2838 | D:4      | Reached XP level 7. HP: 40/61 MP: 7/7
  2838 | D:4      | Gained mutation: You are immune to the effects of steam.
                  | [Pale Draconian growth]
  2925 | D:4      | Noticed Pikel
  2938 | D:4      | Killed Pikel
  2939 | D:4      | Reached skill level 4 in Polearms
  2939 | D:4      | Reached skill level 5 in Dodging
  2939 | D:4      | Reached XP level 8. HP: 35/71 MP: 8/8
  3259 | D:4      | Found a shimmering altar of Xom.
  3267 | D:4      | Reached skill level 5 in Polearms
  3575 | D:4      | Found an opulent altar of Gozag.
  3575 | D:4      | Found an ancient bone altar of Kikubaaqudgha.
  3576 | D:4      | Found a burning altar of Makhleb.
  3578 | D:4      | Found a sparkling altar of Nemelex Xobeh.
  3717 | D:5      | Entered Level 5 of the Dungeon
  3856 | D:5      | Reached skill level 6 in Polearms
  3990 | D:5      | Reached **** piety under Trog
  4029 | D:5      | Found a staircase to the Ecumenical Temple.
  4390 | D:6      | Found Dealat's Overcharged Wands.
  4403 | D:6      | Reached skill level 7 in Polearms
  4405 | D:6      | Reached XP level 9. HP: 73/79 MP: 9/9
  5023 | D:6      | Reached skill level 8 in Polearms
  5487 | D:7      | Reached ***** piety under Trog
  5489 | D:7      | Found a flagged portal.
  5489 | D:7      | Noticed a two-headed ogre
  5497 | Bailey   | Entered a bailey
  5903 | Bailey   | Noticed an orc knight
  5905 | Bailey   | Reached skill level 9 in Polearms
  5937 | Bailey   | Mangled by an orc knight

Illustrated notes

Levels and vault maps discovered:
D:1:      dpeg_arrival_triangle_fractal, layout_loops_ring,
          shapermc_ecumenical_altar_acropolis
D:2:      layout_basic, dreamdust_princess_bridge,
          chequers_serial_rivers_small_3, minmay_pentomino_t4, uniq_terence
D:3:      layout_loops_corners, old_standard_altar,
          grunt_dithmenos_smoke_and_mirrors, gup_sewer_entry_glass
D:4:      layout_basic, xom_confusion_cloud, minitemple, uniq_pikel
D:5:      layout_rooms, minmay_temple_entry_statues_fountains, st_stairs_13
D:6:      kb_forest_paths, layout_basic, chequers_serial_rivers_small_3,
          nicolae_shop_overcharged_wands
D:7:      minmay_the_grid_octo_triangle [minmay_the_grid_octo_horde,
          minmay_the_grid_octo_prize_ultimate_mussel_roller,
          minmay_the_grid_octo_vomiting_pacman], layout_rooms,
          mainiacjoe_overflow_alcove_2, nzn_hepliaklqana_mist_gate,
          enter_bailey_1, minmay_misc_feat_hallway, supply_closet_lemuel,
          st_stairs_5
Bailey:   bailey_axe_of_yendor_kennysheep, bailey

Skill      XL: |  1  2  3  4  5  6  7  8  9 |
---------------+----------------------------+-----
Dodging        | 3 4 5 6 7 |  7.1
Fighting       | 4 5 6 7 8 |  8.6
Axes           | 4 |  4.5
Polearms       | 1 3 4 7 9 |  9.0

Action                   |  1- 3 |  4- 6 |  7- 9 || total
-------------------------+-------+-------+-------++-------
Melee: Hand axe          |    90 |    75 |       ||   165
       Tailslap          |     7 |    15 |     9 ||    31
       Glaive            |       |    51 |   175 ||   226
 Abil: Breathe Steam     |       |       |     4 ||     4
Evoke: Wand              |       |       |     4 ||     4
  Use: Scroll            |     2 |     3 |    10 ||    15
       Potion            |       |       |     6 ||     6
 Stab: Sleeping          |     1 |     2 |     1 ||     4
Armor: Skin              |    43 |    50 |    89 ||   182
Dodge: Dodged            |    58 |    76 |   177 ||   311

Table legend: (Time is in decaauts)
 A = Elapsed time spent in this place.
 B = Non-inter-level travel time spent in this place.
 C = Inter-level travel time spent in this place.
 D = Time resting spent in this place.
 E = Time spent auto-exploring this place.
 F = Levels seen in this place.
 G = Mean time per level.
                   A        B        C        D        E       F      G
               +--------+--------+--------+--------+--------+-----+--------+
         Total |   6033 |   5880 |    153 |    526 |   4151 |   9 |  670.3 |
       Dungeon |   5209 |   5056 |    153 |     81 |   3967 |   7 |  744.1 |
         Sewer |    378 |    378 |      0 |    127 |    184 |   1 |  378.0 |
        Bailey |    445 |    445 |      0 |    318 |      0 |   1 |  445.0 |
               +--------+--------+--------+--------+--------+-----+--------+

Top non-repeatable levels by time:
     D:6: 1134 daAuts
     D:4: 1118 daAuts
     D:3: 917 daAuts
     D:1: 820 daAuts
     D:5: 614 daAuts
     D:2: 553 daAuts
  Bailey: 445 daAuts
   Sewer: 378 daAuts
     D:7: 51 daAuts
